 Dungeon Crawl Stone Soup version 0.29.1 (webtiles) character file.

Game seed: 2335435274349495452

90 qw the Chopper (level 4, -4/39 HPs)
             Began as a Minotaur Berserker on Sept 13, 2022.
             Was a Follower of Trog.
             Killed by nerve-wracking pain
             ... invoked by Grinder
              (11 damage)
             ... on level 3 of the Dungeon.
             The game lasted 00:00:40 (2726 turns).

qw the Chopper (Minotaur Berserker)                 Turns: 2726, Time: 00:00:41

Health: -4/39      AC:  7    Str: 23    XL:     4   Next: 32%
Magic:  3/3        EV: 14    Int:  4    God:    Trog [*.....]
Gold:   204        SH:  0    Dex: 10    Spells: 3/3 levels left

rFire   . . .      SeeInvis .   Y - +0 war axe
rCold   . . .      Faith    .   (no shield)
rNeg    . . .      Spirit   .   k - +0 scale mail
rPois   .          Reflect  .   (helmet restricted)
rElec   .          Harm     .   (no cloak)
rCorr   .          Rampage  .   a - +0 pair of gloves
Will    .....                   (no boots)
Stlth   ..........              (no amulet)
HPRegen 0.13/turn               b - +4 ring of evasion
MPRegen 0.08/turn               (no ring)

@: about to teleport, on berserk cooldown, slowed, very slow
A: horns 2, retaliatory headbutt
a: Renounce Religion, Berserk


You were on level 3 of the Dungeon.
You worshipped Trog.
Trog was aware of your devotion.
You visited 1 branch of the dungeon, and saw 3 of its levels.

You collected 204 gold pieces.


Innate Abilities, Weirdness & Mutations

You have a pair of horns on your head.
You reflexively headbutt those who attack you in melee.


   Skills:
 - Level 3.6 Fighting
 + Level 6.3 Axes
 - Level 2.4 Armour
 - Level 2.1 Dodging


You had 3 spell levels left.
You didn't know any spells.
Your spell library was empty.

Inventory:

Hand Weapons
 h - a +0 whip
 Y - a +0 war axe (weapon)
Armour
 a - a +0 pair of gloves (worn)
 c - a +0 chain mail
 k - a +0 scale mail (worn)
Jewellery
 b - a +4 ring of evasion (left hand)
 j - a ring of ice
Scrolls
 d - a scroll of teleportation
Potions
 e - a potion of heal wounds {unknown}
 g - 2 potions of ambrosia {unknown}
 l - a potion of haste {unknown}

Dungeon Overview and Level Annotations

Branches:
Dungeon (3/15)

Altars:

Annotations:
D:3 3 runed translucent doors, Grinder; qw's ghost, amateur MiBe


Message History

You closely miss Grinder. Grinder gestures at you.
You suddenly lose the ability to move!
Grinder hits you.
You writhe in agony.
You are no longer berserk.
You feel yourself slow down.
Grinder blinks!
Grinder completely misses you. Grinder hits you. Grinder hits you!
You writhe in agony.
The goblin hits you but does no damage.
You can move again.
You slash Grinder!
Grinder is moderately wounded.
You slash the goblin!
You kill the goblin!
Trog accepts your kill. Grinder hits you.
You writhe in agony.
Grinder gestures at you. Pain shoots through your body!
You slash Grinder!
Grinder is heavily wounded.
Grinder gestures at you.
You barely resist. Grinder closely misses you.
You hit Grinder but do no damage. Your headbutt misses Grinder.
Grinder is heavily wounded.
Grinder blinks!
You see here a +0 club.
You closely miss Grinder.
Grinder is heavily wounded.
Grinder says, "FISH!"
Grinder misses you. x2; You furiously retaliate!
You headbutt Grinder. You slash Grinder!
Grinder is severely wounded.
Grinder gestures at you. Pain shoots through your body!
2726 ||| READING 2 scrolls of teleportation.
As you read the scroll of teleportation, it crumbles to dust.
You feel strangely unstable. Grinder gestures at you.
Pain shoots through your body!
You die...

####### .......
.......######
............# #######
.......@###.# #.....#
......5...#.# #.....#
........#.#.#####.....##
..........#.............
####.##.# ########.#....
#. ... .)........... #
... ............. #.#
#######.#)%.. #.#.###


You could see Grinder.

Vanquished Creatures
  Ijyb (D:3)
  2 adders (D:2)
  A worm (D:2)
  2 dart slugs
  3 ball pythons
  2 bats
  3 endoplasms (D:1)
  A giant cockroach (D:1)
  6 goblins
  6 hobgoblins
  3 kobolds
  2 quokkas (D:1)
  3 frilled lizards (D:1)
  2 rats
37 creatures vanquished.

Notes
Turn   | Place    | Note
-------+----------+-------------------------------------------
     0 | D:1      | qw the Minotaur Berserker began the quest for the Orb.
     0 | D:1      | Reached XP level 1. HP: 19/19 MP: 0/0
     0 | D:1      | 0 ||| qw: Version: 0.1-a-119-g272c26d
     0 | D:1      | 0 ||| qw: Game counter: 11157
     0 | D:1      | 0 ||| qw: Always use a shield: true
     0 | D:1      | 0 ||| qw: Do Orc after D:15 true
     0 | D:1      | 0 ||| qw: Do second Lair branch before Depths: true
     0 | D:1      | 0 ||| qw: Lair rune preference: random
     0 | D:1      | 0 ||| qw: Plans: Normal
     0 | D:1      | 0 ||| PLANNING D:1-11
    23 | D:1      | 23 ||| Stepping ~*~*~tactically~*~*~ (stealth).
    24 | D:1      | 24 ||| INVOKING Berserk.
    25 | D:1      | HP: 6/28 [goblin/+3 dagger (3)]
   340 | D:1      | Reached skill level 4 in Axes
   340 | D:1      | 340 ||| Stepping ~*~*~tactically~*~*~ (hiding).
   436 | D:1      | 436 ||| Stepping ~*~*~tactically~*~*~ (stealth).
   437 | D:1      | 437 ||| Stepping ~*~*~tactically~*~*~ (stealth).
   438 | D:1      | 438 ||| Stepping ~*~*~tactically~*~*~ (stealth).
   439 | D:1      | 439 ||| Stepping ~*~*~tactically~*~*~ (stealth).
   440 | D:1      | 440 ||| Stepping ~*~*~tactically~*~*~ (stealth).
   444 | D:1      | Reached XP level 2. HP: 21/26 MP: 1/1
   446 | D:1      | 446 ||| Stepping ~*~*~tactically~*~*~ (stealth).
   449 | D:1      | 449 ||| Stepping ~*~*~tactically~*~*~ (stealth).
   450 | D:1      | 450 ||| Stepping ~*~*~tactically~*~*~ (stealth).
   451 | D:1      | 451 ||| Stepping ~*~*~tactically~*~*~ (stealth).
   452 | D:1      | 452 ||| Stepping ~*~*~tactically~*~*~ (stealth).
   741 | D:1      | 741 ||| Stepping ~*~*~tactically~*~*~ (stealth).
   793 | D:1      | 793 ||| Stepping ~*~*~tactically~*~*~ (stealth).
   798 | D:1      | 798 ||| Stepping ~*~*~tactically~*~*~ (stealth).
   867 | D:1      | 867 ||| Stepping ~*~*~tactically~*~*~ (stealth).
   914 | D:1      | Reached skill level 5 in Axes
  1069 | D:1      | Reached XP level 3. HP: 31/31 MP: 2/2
  1484 | D:1      | 1484 ||| UPGRADING to +0 leather armour.
  1494 | D:1      | 1494 ||| DROPPING +0 animal skin.
  1495 | D:1      | 1495 ||| UPGRADING to +0 scale mail.
  1505 | D:1      | 1505 ||| DROPPING +0 leather armour.
  1506 | D:1      | 1506 ||| READING scroll labelled RUIPNUQIOW.
  1507 | D:1      | 1507 ||| READING scroll labelled QEMYTO CANGUEF.
  1508 | D:1      | 1508 ||| READING scroll labelled DUEGOS CEGES.
  1509 | D:1      | 1509 ||| READING scroll labelled POOBLI EFIED.
  1510 | D:1      | 1510 ||| READING scroll labelled GUOWEQ XOREUHE.
  1560 | D:2      | 1560 ||| Stepping ~*~*~tactically~*~*~ (stealth).
  1569 | D:2      | 1569 ||| INVOKING Berserk.
  1875 | D:2      | 1875 ||| SWAPPING to +0 war axe.
  1876 | D:2      | 1876 ||| DROPPING +0 hand axe.
  2279 | D:2      | 2279 ||| DROPPING +0 club.
  2506 | D:2      | 2506 ||| UPGRADING to +0 pair of gloves.
  2511 | D:2      | 2511 ||| UPGRADING to +4 ring of evasion.
  2512 | D:2      | 2512 ||| READING 3 scrolls labelled QAEMAL GOFE.
  2516 | D:2      | 2516 ||| READING scroll labelled VAROYH TIPECH.
  2571 | D:3      | 2571 ||| Stepping ~*~*~tactically~*~*~ (stealth).
  2573 | D:3      | Found a runed translucent gate.
  2573 | D:3      | Found a runed translucent gate.
  2574 | D:3      | Found a runed translucent gate.
  2575 | D:3      | Noticed qw's ghost (amateur MiBe)
  2581 | D:3      | 2581 ||| Stepping ~*~*~tactically~*~*~ (stealth).
  2592 | D:3      | Noticed Ijyb
  2594 | D:3      | 2594 ||| Stepping ~*~*~tactically~*~*~ (hiding).
  2597 | D:3      | 2597 ||| INVOKING Berserk.
  2600 | D:3      | Killed Ijyb
  2601 | D:3      | Reached skill level 6 in Axes
  2601 | D:3      | Reached XP level 4. HP: 39/39 MP: 3/3
  2705 | D:3      | Noticed Grinder
  2706 | D:3      | 2706 ||| Stepping ~*~*~tactically~*~*~ (hiding).
  2710 | D:3      | 2710 ||| INVOKING Berserk.
  2714 | D:3      | Paralysed by Grinder for 5 turns
  2725 | D:3      | HP: 7/39 [Grinder/nerve-wracking pain (10)]
  2726 | D:3      | 2726 ||| READING 2 scrolls of teleportation.
  2726 | D:3      | Killed from afar by Grinder

Levels and vault maps discovered:
D:1:      heliophobic_arrival_ceremonial_halls, layout_loops_cross,
          serial_forest, infiniplex_forest_clump_small,
          infiniplex_forest_clump_curved, infiniplex_forest_join,
          infiniplex_forest_end_3, infiniplex_forest_clump_medium,
          infiniplex_forest_lined_room_, infiniplex_forest_clump_medium,
          dreamdust_wishing_well, st_stairs_2
D:2:      layout_basic
D:3:      layout_basic, gammafunk_ghost_necromancy, uniq_crazy_yiuf_cottage,
          uniq_grinder, uniq_ijyb

Skill      XL: |  1  2  3 |
---------------+----------+-----
Axes           | 4 5 6 |  6.3
Fighting       | |  3.6
Armour         | |  2.4
Dodging        | |  2.1

Action                   |  1- 3 |  4- 6 || total
-------------------------+-------+-------++-------
Melee: Hand axe          |    64 |       ||    64
       Headbutt          |     9 |     1 ||    10
       War axe           |    12 |    12 ||    24
Invok: Berserk           |     3 |     1 ||     4
  Use: Scroll            |     7 |     1 ||     8
Armor: Animal skin       |     6 |       ||     6
       Scale mail        |    10 |     1 ||    11
Dodge: Dodged            |    34 |     7 ||    41

Table legend:
 A = Non-vault XP
 B = Vault XP
 C = Vault XP percentage of total XP
 D = Non-vault monster count
 E = Vault monster count
 F = Vault count percentage of total count
                 A         B        C        D         E       F
            +---------+---------+-------+---------+---------+-------
      Total |      90 |      39 |  30.2 |      34 |       3 |   8.1
            +---------+---------+-------+---------+---------+-------
        D:1 |      42 |       3 |   6.7 |      22 |       2 |   8.3
        D:2 |      36 |       0 |   0.0 |       6 |       0 |   0.0
        D:3 |      12 |      36 |  75.0 |       6 |       1 |  14.3
            +---------+---------+-------+---------+---------+-------
